 Dungeon Crawl Stone Soup version 0.26.1-2-gb8aa6d0cf2 (webtiles) character file.

Game seed: 18225224630410223329

143 thelaststarmaker the Ducker (level 5, -5/26 HPs)
             Began as a Felid Berserker on Mar 20, 2021.
             Was a Believer of Trog.
             Slain by Pikel
             ... wielding a +0 whip of freezing
              (10 damage)
             ... on level 4 of the Dungeon.
             The game lasted 00:06:35 (3175 turns).

thelaststarmaker the Ducker (Felid Berserker)       Turns: 3175, Time: 00:06:36

Health: -5/26      AC:  1    Str: 13    XL:     5   Next: 4%
Magic:  5/5        EV: 22    Int:  9    God:    Trog [**....]
Gold:   141        SH:  0    Dex: 14    Spells: 4/4 levels left
                                        Lives:  0   Deaths: 1

rFire    . . .     SeeInvis +     - Unarmed
rCold    + . .     Faith    .   (shield unavailable)
rNeg     . . .     Spirit   .   (armour unavailable)
rPois    .         Reflect  .   (helmet unavailable)
rElec    .         Harm     .   (cloak unavailable)
rCorr    .         Rampage  .   (gloves unavailable)
Will     ++...                  (boots unavailable)
Stlth    +++.......             (no amulet)
HPRegen  1.08/turn              (no ring)
MPRegen  0.09/turn              (no ring)

@: berserk cooldown, regenerating (expiring), slowed, slow
A: very small, no armour, no weapons or thrown items, stealth, claws 1, fangs 3,
see invisible, blink, clumsy 1, cold resistance 1, speed 1, low mp 1, sense
surroundings 1, robust 1, shaggy fur 1, sharp paws
a: Blink, Renounce Religion, Berserk, Trog's Hand


You were on level 4 of the Dungeon.
You worshipped Trog.
Trog was pleased with you.
You visited 1 branch of the dungeon, and saw 4 of its levels.

You collected 141 gold pieces.

Inventory:

Jewellery
 g - an uncursed amulet of reflection {unknown}
Scrolls
 a - a scroll of amnesia
 b - 2 scrolls of identify
 d - a scroll of fear
 f - 2 scrolls of blinking
 h - a scroll of remove curse
Potions
 c - a potion of brilliance {unknown}
 e - a potion of curing {unknown}
 i - a potion of haste {unknown}
 j - a potion of degeneration {unknown}
 m - a potion of resistance {unknown}


   Skills:
 - Level 3.0 Fighting
 * Level 7.2 Dodging
 + Level 4.0 Stealth
 - Level 3.0 Unarmed Combat


You had 4 spell levels left.
You didn't know any spells.
Your spell library was empty.

Dungeon Overview and Level Annotations

Branches:
Dungeon (4/15)
 Temple: D:4-7

Altars:

Annotations:
D:4 Pikel


Innate Abilities, Weirdness & Mutations

You cannot wear armour.
You are incapable of wielding weapons or throwing items.
Your paws allow you to move quietly. (Stealth)
You have sharp claws.
You have razor-sharp teeth.
You have supernaturally acute eyesight. (SInv)
You cover ground quickly.
You are covered in fur. (AC +1)
Your sharp claws are effective at attacking unaware monsters.
You can translocate small distances at will.
You are clumsy. (Dex -2)
Your flesh is cold resistant. (rC+)
Your magical capacity is low. (-10% MP)
You passively map a small area around you.
You are robust. (+10% HP)


Message History

Pikel hits you with a +0 whip of freezing!
* * * LOW HITPOINT WARNING * * *
You claw Pikel! You bite Pikel.
Pikel is severely wounded.
You barely miss Pikel. Your bite misses Pikel.
Pikel is severely wounded.
Pikel misses you.
You claw Pikel!
Pikel is almost dead.
You are no longer berserk.
You are exhausted.
You feel yourself slow down. Pikel hits you but does no damage.
You closely miss Pikel.
Pikel is almost dead.
Pikel hits you with a +0 whip of freezing.
* * * LOW HITPOINT WARNING * * *
You barely miss Pikel.
Pikel is almost dead.
Pikel hits you with a +0 whip of freezing!
You die...

#.#####.#.# #.>.......)
, #..####.#.# #####..#
#.#.# , #......# #.#.#
#.....?# #.#.# #..⌠...#
#.#.#
#.########5.....####.#.#
#......@K555.....5...###
###############.###### *
, ... , * * *$### , ,*
.. , * .# , ,, ,.# * ,
.# * ,,


You could see Pikel and 4 lemures.

Vanquished Creatures
  An ogre (D:4)
  4 adders
  An adder skeleton (D:4)
  A worm (D:3)
  A dart slug (D:1)
  An orc (D:3)
  3 ball pythons
  4 giant cockroaches
  9 hobgoblins
  4 jackals (D:1)
  5 kobolds
  2 quokkas
  4 bats
  14 goblins
  6 rats
60 creatures vanquished.

Notes
Turn   | Place    | Note
-------+----------+-------------------------------------------
     0 | D:1      | thelaststarmaker the Felid Berserker began the quest for
                  | the Orb.
     0 | D:1      | Reached XP level 1. HP: 10/10 MP: 2/2
   549 | D:1      | Reached XP level 2. HP: 14/14 MP: 3/3
   814 | D:1      | Reached skill level 5 in Dodging
  1442 | D:2      | Reached skill level 1 in Stealth
  1620 | D:2      | Reached ** piety under Trog
  1727 | D:2      | Reached XP level 3. HP: 12/17 MP: 4/4
  2056 | D:2      | Reached skill level 6 in Dodging
  2609 | D:3      | Reached XP level 4. HP: 21/21 MP: 5/5
  2824 | D:3      | Gained mutation: You are frail. (-10% HP) [potion of
                  | mutation]
  2824 | D:3      | Gained mutation: You have a pair of small antennae on your
                  | head. [potion of mutation]
  2824 | D:3      | Gained mutation: You are clumsy. (Dex -2) [potion of
                  | mutation]
  2824 | D:3      | Gained mutation: You can translocate small distances at
                  | will. [potion of mutation]
  2847 | D:3      | Slain by a rat
  2848 | D:3      | Reached XP level 3. HP: 0/15 MP: 4/4
  2848 | D:3      | Lost mutation: You have a pair of small antennae on your
                  | head. [potion of mutation]
  2848 | D:3      | Lost mutation: You are frail. (-10% HP) [potion of
                  | mutation]
  2848 | D:3      | Gained mutation: Your flesh is cold resistant. (rC+)
                  | [potion of mutation]
  2848 | D:3      | Gained mutation: Your magical capacity is low. (-10% MP)
                  | [potion of mutation]
  2848 | D:3      | Gained mutation: You passively map a small area around you.
                  | [potion of mutation]
  2848 | D:3      | Gained mutation: You are robust. (+10% HP) [potion of
                  | mutation]
  3121 | D:4      | Noticed an ogre
  3131 | D:4      | Killed an ogre
  3132 | D:4      | Reached skill level 7 in Dodging
  3132 | D:4      | Reached XP level 4. HP: 15/23 MP: 4/4
  3132 | D:4      | Reached XP level 5. HP: 17/26 MP: 5/5
  3134 | D:4      | Noticed Pikel
  3134 | D:4      | Noticed a lemure
  3134 | D:4      | Noticed a lemure
  3146 | D:4      | Noticed a lemure
  3146 | D:4      | Noticed a lemure
  3175 | D:4      | Slain by Pikel

Illustrated notes

Levels and vault maps discovered:
D:1:      saegor_arrival_miasma, layout_basic, serial_co_window_serial,
          co_window_paths_a, co_window_corner_a, co_window_paths_b,
          co_window_of_opportunity_a, co_window_paths_b, co_window_broadway_c,
          co_window_2corner, co_window_corner_cb, co_window_corner_ca,
          co_window_2corner, glass_columns_b, glass_columns_a, glass_columns_b
D:2:      cheibrodos_greedy_goblins, layout_loops_corners
D:3:      layout_basic, portal_sewer_entry_e, minmay_distorted
D:4:      layout_basic, minmay_temple_entry_overgrown, hangedman_feature_mirror,
          minmay_misc_feat_diagonals, tgw_trog, uniq_eustachio, uniq_robin,
          uniq_pikel

Skill      XL: |  1  2  3  4 |
---------------+-------------+-----
Dodging        | 5 7 |  7.2
Stealth        | 1 4 2 |  4.0
Fighting       | |  3.0
Unarmed Combat | |  3.0

Action                   |  1- 3 |  4- 6 || total
-------------------------+-------+-------++-------
Melee: Unarmed           |   110 |    48 ||   158
       Bite              |     9 |     7 ||    16
Invok: Berserk           |     3 |     2 ||     5
       Trog's Hand       |       |     1 ||     1
  Use: Scroll            |     6 |       ||     6
       Potion            |     1 |     1 ||     2
 Stab: Sleeping          |     7 |     6 ||    13
Armor: Skin              |     3 |     2 ||     5
Dodge: Dodged            |    93 |    32 ||   125
